AoeStats
← 知耻而后勇喜笑颜开

QS Arena

503323244Analyzed
3v3 RM · 1mo ago on Aug 31, 2026· 23m 16s· 6 players
Game mode
Random Map
Map size
Normal (6 player)
Population
200
Speed
Normal
Resources
Standard
Victory
Conquest
Starting age
Dark Age
Ending age
Imperial Age
RankedLock teamsTeams togetherTeam positionsShared explorationLock speedFull tech treeHidden civsTurbo modeCheats
Victory
Defeat
🇲🇽 Turks · Mexico
1273
+11
🇲🇽 Persians · Mexico
1247
+12
🇲🇽 Magyars · Mexico
1037
+21
🇦🇷 Franks · Argentina
1211
-17
🇲🇽 Italians · Mexico
1123
-13
1114
-13
JeffPeru26
7:49 Feudal Age
8:13 Double-Bit Axe
13:03 Castle Age
14:03 Forging
17:49 Loom
18:56 Bloodlines
21:08 Wheelbarrow
21:31 Husbandry
21:51 Horse Collar
chopin2374
8:24 Loom
10:10 Feudal Age
14:05 Castle Age
12:17 Double-Bit Axe
12:25 Gold Mining
20:55 Wheelbarrow
FOX
7:10 Feudal Age
11:57 Castle Age
10:23 Double-Bit Axe
19:32 Imperial Age
17:41 Gold Mining
18:36 Padded Archer Armor
22:01 Leather Archer Armor
ZopePunk
7:42 Feudal Age
8:31 Double-Bit Axe
15:09 Castle Age
12:56 Loom
15:59 Bloodlines
18:34 Horse Collar
Meta meta
9:52 Feudal Age
14:29 Castle Age
14:06 Gold Mining
14:06 Stone Mining
16:11 Scale Barding Armor
16:17 Forging
21:11 Wheelbarrow
20:54 Husbandry
知耻而后勇喜笑颜开
1:27 Double-Bit Axe
7:10 Feudal Age
6:48 Horse Collar
7:11 Gold Mining
8:10 Bow Saw
8:01 Heavy Plow
15:48 Castle Age
15:08 Gold Shaft Mining
14:24 Stone Mining
15:20 Wheelbarrow
17:32 Two-Man Saw
17:02 Crop Rotation
18:43 Hand Cart
19:06 Town Watch
19:07 Loom
20:06 Stone Shaft Mining
20:53 Treadmill Crane
Connection lost

Rejoining the realm…

Still unreachable

The connection could not be restored.

Session expired

The server has moved on; the page needs a fresh start.